 Dungeon Crawl Stone Soup version 0.30.0-29-ga12c61a403 (webtiles) character file.

Game seed: 16109405221361771464

1146 croobank the Sneak (level 8, -4/52 HPs)
             Began as an Octopode Air Elementalist on June 24, 2023.
             Was an Initiate of Lugonu.
             Slain by Duvessa
             ... wielding a +0 short sword
              (17 damage)
             ... on level 4 of the Dungeon.
             The game lasted 00:26:30 (5502 turns).

croobank the Sneak (Octopode Air Elementalist)      Turns: 5502, Time: 00:26:31

Health: -4/52      AC:  1    Str:  7    XL:     8   Next: 38%
Magic:  5/14       EV: 14    Int: 19    God:    Lugonu [......]
Gold:   161        SH:  0    Dex: 13    Spells: 5/15 levels left

rFire   + . .        v - +0 dagger (spect)
rCold   . . .        (no shield)
rNeg    + . .        (helmet restricted)
rPois   .            (no amulet)
rElec   .            m - ring of wizardry
rCorr   .            n - ring of protection from fire
SInv    .            r - ring of positive energy
Will    .....        (no ring)
Stlth   ++++         (no ring)
HPRegen 0.28/turn    (no ring)
MPRegen 0.14/turn    (no ring)
                     (no ring)

%: wizardry (x1)
@: no status effects
A: almost no armour, amphibious, 8 rings, camouflage 1, gelatinous body 1,
(nimble swimmer 1), tentacles
a: Renounce Religion


You were on level 4 of the Dungeon.
You worshipped Lugonu.
Lugonu was noncommittal.
You visited 2 branches of the dungeon, and saw 5 of its levels.

You collected 161 gold pieces.

Inventory:

Hand Weapons
 a - a +0 hand axe
 b - a +0 trident of pain
 d - a +0 morningstar
 g - a +0 long sword
 h - a +0 mace
 j - a +0 flail
 l - a +0 short sword
 s - a +0 spear
 v - a +0 spectral dagger (weapon)
 z - a +1 mace of holy wrath
Missiles
 f - a throwing net
Armour
 c - an orb of energy
Magical Staves
 i - a staff of air
 w - a staff of earth
Jewellery
 m - a ring of wizardry (left tentacle)
 n - a ring of protection from fire (right tentacle)
 r - a ring of positive energy (on tentacle)
Wands
 o - a wand of roots (9)
Scrolls
 k - a scroll of enchant armour
 q - a scroll of teleportation
 u - a scroll of noise
 y - a scroll of amnesia {unknown}
Potions
 e - 2 potions of curing
 p - 2 potions of brilliance {unknown}
 t - 2 potions of mutation {unknown}
 x - a potion of berserk rage {unknown}


   Skills:
 + Level 3.5 Fighting
 + Level 4.2 Dodging
 + Level 6.4 Stealth
 + Level 4.0 Spellcasting
 + Level 3.9 Conjurations
 + Level 4.9 Air Magic


You had 5 spell levels left.
You knew the following spells:

 Your Spells              Type           Power      Damage    Failure   Level
a - Shock                 Conj/Air       80%        1d8       1%          1
b - Static Discharge      Conj/Air       40%        2-4/arc   1%          2
c - Swiftness             Air            22%        N/A       2%          3
d - Airstrike             Air            11%        2d(2-18)  8%          4

Your spell library contained the following spells:

 Spells                   Type           Power      Damage    Failure   Level
 Call Canine Familiar     Summ           3%         N/A       16%         3
 Portal Projectile        Hex/Tloc       6%         N/A       16%         3
 Leda's Liquefaction      Hex/Erth       1%         N/A       45%         4


Dungeon Overview and Level Annotations

Branches:
Dungeon (4/15)             Temple (1/1) D:4

Altars:
Cheibriados
Elyvilon
Fedhas
Kikubaaqudgha
Okawaru
Qazlal
Uskayaw
Vehumet
Wu Jian
Lugonu

Shops:
D:2 [

Annotations:
D:2 Terence
D:4 Duvessa


Innate Abilities, Weirdness & Mutations

You cannot wear most types of armour.
You are amphibious.
You can wear up to eight rings at the same time.
Your skin changes colour to match your surroundings (Stealth+).
Your rubbery body absorbs attacks. (AC +1, EV +1)
((You are camouflaged when in or above water. (Stealth+)))
You have tentacles for arms and can constrict up to eight enemies at once.


Message History

Roots grab Duvessa.
The grasping roots constrict Duvessa.
Duvessa barely misses you. Duvessa hits you with a +0 short sword!
Casting: Shock (safe; 1% risk of failure)
Confirm with . or Enter, or press ? or * to list all spells.
Duvessa is struck by an arc of lightning.
Duvessa is lightly wounded.
You are struck by an arc of lightning.
The lightning grounds out.
The grasping roots constrict Duvessa.
Duvessa misses you.
Casting: Static Discharge (safe; 1% risk of failure)
Confirm with . or Enter, or press ? or * to list all spells.
Duvessa is struck by an arc of lightning.
Duvessa is moderately wounded.
You are struck by an arc of lightning.
Duvessa is struck by an arc of lightning.
Duvessa is heavily wounded.
The lightning grounds out.
The grasping roots constrict Duvessa.
The roots release their grip on Duvessa.
Duvessa hits you with a +0 short sword. Duvessa hits you with a +0 short sword!
Casting: Static Discharge (safe; 1% risk of failure)
Confirm with . or Enter, or press ? or * to list all spells.
Duvessa is struck by an arc of lightning.
Duvessa is heavily wounded.
You are struck by an arc of lightning.
Duvessa is struck by an arc of lightning.
Duvessa is heavily wounded.
You are struck by an arc of lightning.
The lightning grounds out.
Duvessa closely misses you.
Casting: Static Discharge (safe; 1% risk of failure)
Confirm with . or Enter, or press ? or * to list all spells.
Duvessa is struck by an arc of lightning.
Duvessa is severely wounded.
You are struck by an arc of lightning.
* * * LOW HITPOINT WARNING * * *
Duvessa is struck by an arc of lightning.
Duvessa is severely wounded.
You are struck by an arc of lightning.
* * * LOW HITPOINT WARNING * * *
The lightning grounds out.
Duvessa hits you with a +0 short sword!
You die...

#........# ####
#.......# ...##
##......# ....#
#......## ....#
##.......##
....###.........## #
....##...........## ##
...#..#........e..##
###.
.....##.........@[.##
###.).
...#####............##
###..### ..##
#.............# ###.[###
..#
##............###..####
..#
##.................).###
..#
##............##......#
..#
##...........###.###.#
..#
##..........P#...#P.#
..# ##......#.....>....#


You could see Duvessa (berserk).

Vanquished Creatures
  Pikel (D:3)
  Grinder (D:3)
  2 lemures (D:4)
  2 scorpions (D:4)
  Dowan (D:4)
  An orc priest (D:3)
  Jessica (D:2)
  4 orc wizards
  Robin (D:3)
  5 gnolls
  3 adders
  A worm (D:3)
  4 dart slugs
  17 orcs
  4 ball pythons
  4 bats
  3 endoplasms
  2 giant cockroaches
  13 goblins
  5 hobgoblins
  8 kobolds
  6 quokkas
  3 frilled lizards (D:1)
  7 rats
99 creatures vanquished.

Notes
Turn   | Place    | Note
-------+----------+-------------------------------------------
     0 | D:1      | croobank the Octopode Air Elementalist began the quest for
                  | the Orb.
     0 | D:1      | Reached XP level 1. HP: 11/11 MP: 3/3
   177 | D:1      | Noticed a great orb of eyes
   180 | D:1      | Noticed an eye of devastation
   185 | D:1      | Found a faded altar of an unknown god.
   186 | D:1      | Noticed an eye of devastation
   186 | D:1      | Noticed an eye of devastation
   188 | D:1      | Reached XP level 2. HP: 9/18 MP: 0/5
   246 | D:1      | Reached skill level 3 in Stealth
   421 | D:1      | Reached XP level 3. HP: 22/22 MP: 4/6
   424 | D:1      | Learned a level 2 spell: Static Discharge
   802 | D:1      | Reached skill level 1 in Fighting
  1182 | D:1      | Learned a level 3 spell: Swiftness
  1243 | D:2      | Noticed Terence
  1621 | D:2      | Identified the +1 ring mail of Masochism {rPois Str-4
                  | Stlth+}
  1673 | D:2      | Noticed Jessica
  1675 | D:2      | Killed Jessica
  1676 | D:2      | Reached XP level 4. HP: 28/28 MP: 4/7
  1866 | D:2      | Found Ipaleodo's Antique Armour Emporium.
  2672 | D:3      | Noticed Grinder
  2679 | D:3      | Killed Grinder
  2680 | D:3      | Reached skill level 4 in Stealth
  2680 | D:3      | Reached XP level 5. HP: 34/34 MP: 1/9
  2680 | D:3      | Reached XP level 6. HP: 39/39 MP: 1/10
  3073 | D:3      | Noticed Robin
  3076 | D:3      | Killed Robin
  3558 | D:3      | Found an iron altar of Okawaru.
  3735 | D:3      | Reached XP level 7. HP: 8/45 MP: 4/11
  3968 | D:4      | Reached skill level 5 in Stealth
  4503 | D:4      | Noticed Pikel
  4541 | D:3      | Killed Pikel
  4542 | D:3      | Reached skill level 6 in Stealth
  4542 | D:3      | Reached XP level 8. HP: 8/52 MP: 0/13
  4772 | D:4      | Learned a level 4 spell: Airstrike
  4994 | D:4      | Found a staircase to the Ecumenical Temple.
  5016 | Temple   | Entered the Ecumenical Temple
  5056 | Temple   | Became a worshipper of Lugonu the Unformed
  5364 | D:4      | Noticed Dowan
  5365 | D:4      | Noticed Duvessa
  5377 | D:4      | Killed Dowan
  5502 | D:4      | Slain by Duvessa

Illustrated notes

Levels and vault maps discovered:
D:1:      dpeg_chamrin_arrival_tetris, layout_basic,
          hellmonk_ecumenical_altar_watching_god
D:2:      layout_loops_corners, serial_bayou, serial_bayou_pond_c,
          serial_bayou_pond_b, serial_bayou_pond_e, serial_bayou_ford_a,
          serial_shops, shop, uniq_jessica, uniq_terence
D:3:      layout_basic, hellmonk_okawaru_the_only_friend_you_need, uniq_grinder,
          uniq_robin
D:4:      layout_cave_pods, minmay_temple_entry_gardened_gates, uniq_pikel,
          uniq_duvessa
Temple:   corrupted_temple

Skill      XL: |  1  2  3  4  5  6  7  8 |
---------------+-------------------------+-----
Stealth        | 3 4 6 |  6.4
Fighting       | 1 2 3 |  3.5
Dodging        | 3 4 |  4.2
Spellcasting   | 3 4 |  4.0
Conjurations   | 2 3 |  3.9
Air Magic      | 4 |  4.9

Action                     |  1- 3 |  4- 6 |  7- 9 || total
---------------------------+-------+-------+-------++-------
  Melee: Hand axe          |     6 |       |       ||     6
         Tentacles         |     2 |     2 |     1 ||     5
         Constrict         |     2 |     3 |       ||     5
         Staff             |       |     6 |       ||     6
         Dagger            |       |     2 |     5 ||     7
   Cast: Shock             |    44 |    77 |    50 ||   171
         Static Discharge  |     3 |     7 |    20 ||    30
         Airstrike         |       |       |     5 ||     5
  Evoke: Wand              |       |     2 |     3 ||     5
    Use: Scroll            |     2 |     3 |     3 ||     8
         Potion            |       |       |     3 ||     3
   Stab: Sleeping          |     2 |     1 |     1 ||     4
 Armour: Skin              |       |     4 |     1 ||     5
  Dodge: Dodged            |     4 |    17 |    15 ||    36
